 Dungeon Crawl Stone Soup version 0.19.1 (webtiles) character file.

12431 blodskaal the Slinger (level 12, -1/139 HPs)
             Began as a Human Berserker on Dec 6, 2016.
             Was a High Priest of Trog.
             Slain by a six-headed hydra (9 damage)
             ... on level 2 of the Lair of Beasts on Dec 7, 2016.
             The game lasted 02:19:25 (13388 turns).

blodskaal the Slinger (Human Berserker)            Turns: 13388, Time: 02:19:26

Health: -1/139     AC:  8    Str: 25    XL:     12   Next: 20%
Magic:  12/12      EV: 14    Int:  7    God:    Trog [*****.]
Gold:   431        SH:  0    Dex: 14    Spells: 0 memorised, 11 levels left

rFire  . . .     SeeInvis .     a - +5 hand axe (flame)
rCold  . . .     Gourm    .     g - +0 leather armour {MR+}
rNeg   . . .     Faith    .     (no shield)
rPois  .         Spirit   .     (no helmet)
rElec  .         Reflect  .     U - +0 cloak
rCorr  .         Harm     .     m - +0 pair of gloves
MR     +....     Clarity  +     (no boots)
Stlth  ..........               n - amulet of rage
                                (no ring)
                                v - +5 ring of slaying

@: berserking, very quick
A: iridescent scales 1, clarity, clumsy 1
a: Berserk, Trog's Hand, Brothers in Arms, Burn Spellbooks, Renounce Religion,
Evoke Berserk Rage


You were on level 2 of the Lair of Beasts.
You worshipped Trog.
Trog was extremely pleased with you.
You were near starving.

You visited 2 branches of the dungeon, and saw 14 of its levels.
You also visited: Bailey.

You collected 833 gold pieces.
You spent 402 gold pieces at shops.

Inventory:

Hand Weapons
 a - a +5 hand axe of flaming (weapon)
 b - a +2 hunting sling of velocity
 c - a +0 shortbow
 p - a +4 dagger
 q - a +5 great sword
 H - a +4 short sword
 L - a +0 shortbow
 N - a -1 hunting sling
 Q - a +0 hand axe
Missiles
 d - 242 arrows
 r - 59 sling bullets
 y - 398 stones
 P - 2 poisoned javelins (quivered)
Armour
 g - a +0 leather armour of magic resistance (worn)
 m - a +0 pair of gloves (worn)
 U - a +0 cloak (worn)
Magical Staves
 k - an uncursed staff of death
Jewellery
 n - an amulet of rage (around neck)
 v - a +5 ring of slaying (left hand)
 Y - an uncursed ring of poison resistance {unknown}
Wands
 j - a wand of polymorph (7/24)
 C - a wand of flame (44/48)
 G - a wand of polymorph (2/24)
 W - a wand of confusion (19/48)
Scrolls
 e - a scroll of blinking {unknown}
 l - a scroll of magic mapping
 B - a scroll of enchant weapon
 D - 2 scrolls of amnesia
 F - 4 scrolls of identify
 T - 2 scrolls of remove curse
Potions
 h - 2 potions of flight
 o - 6 potions of heal wounds
 w - a potion of agility
 A - a potion of berserk rage
 J - a potion of magic {unknown}
 K - 4 potions of curing
 S - 2 potions of degeneration
Comestibles
 f - a slice of pizza
 i - a bread ration
 z - 4 meat rations
 O - 8 fruits


   Skills:
 + Level 8.2 Fighting
 - Level 1.2 Short Blades
 + Level 8.7 Axes
 + Level 10.0(10.5) Slings
 - Level 3.1 Bows
 - Level 5.1(8.2) Throwing
 + Level 5.3 Armour
 + Level 5.2 Dodging
 + Level 6.4 Stealth
   Level 1.1 Shields


You had 11 spell levels left.
You didn't know any spells.

Dungeon Overview and Level Annotations

Branches:
Dungeon (12/15)              Lair (2/6) D:10
 Temple: D:4-7        Swamp: Lair:2-4    Shoals: Lair:2-4     Snake: Lair:2-4
 Spider: Lair:2-4       Orc: D:9-12

Altars:
Ashenzari
Cheibriados
Dithmenos
Hepliaklqana
Kikubaaqudgha
Makhleb
Nemelex Xobeh
Okawaru
Zin
The Shining One

Shops:
D:4 *   D:6 }   D:7 *

Portals:
Trove: D:10 (give 18 potions of curing)

Annotations:
D:3 Ladykiller69's ghost, amateur MiAK
D:8 Maurice
D:10 shugdite's ghost, novice MiFi


Innate Abilities, Weirdness & Mutations

You are partially covered in iridescent scales. (AC +2)
You possess an exceptional clarity of mind.
You are clumsy. (Dex -2)


Message History

The seven-headed hydra bites you!
* * * LOW HITPOINT WARNING * * *
The seven-headed hydra closely misses you.
The seven-headed hydra bites you!
* * * LOW HITPOINT WARNING * * *
The seven-headed hydra closely misses you.
The seven-headed hydra barely misses you.
The seven-headed hydra bites you but does no damage.
You hack one of the seven-headed hydra's heads off!
The flame cauterises the wound!
You slice the six-headed hydra!! You burn the six-headed hydra!
The six-headed hydra is heavily wounded.
The six-headed hydra bites you.
* * * LOW HITPOINT WARNING * * *
The six-headed hydra bites you.
* * * LOW HITPOINT WARNING * * *
The six-headed hydra bites you!
* * * LOW HITPOINT WARNING * * *
The six-headed hydra bites you!
You die...

##..# #...# ♣.≈≈
#..## ###P.###♣≈.≈
#..## #.P#....##P♣≈.≈
#...# ............♣..
#...###.#P.#..#.##.♣.
#....## ####........♣
##...##.# #...#...^..
###....# ##..##.#..P
#@##.P# #..##.....
#D# ..#P...#....P
#...(# ........P...
#...... ..P P..P.#
≈≈........ . #.P.###
≈P≈....P##.#
≈≈≈≈P...... #
≈≈P≈.......P
≈≈≈P≈...##...


You could see a six-headed hydra.

Vanquished Creatures
  A death yak (D:10)
  A hill giant (D:10)
  A cyclops (D:11)
  A black mamba (Lair:1)
  A gargoyle (D:10)
  A spiny frog (Lair:1)
  A guardian mummy (D:10)
  4 blink frogs
  2 two-headed ogres
  4 hippogriffs
  6 yaks
  3 hungry ghosts
  Grum (D:8)
  A mottled dragon (D:11)
  3 water moccasins (Lair:1)
  4 orc warriors
  3 ice beasts
  4 sky beasts
  3 phantoms
  7 ogres
  7 wolves
  6 crocodiles
  4 centaurs
  5 big kobolds
  11 bullfrogs
  3 scorpions
  5 wights (D:9)
  3 killer bees (D:10)
  An electric eel (Lair:2)
  4 howler monkeys
  A crimson imp (D:6)
  2 quasits
  3 hounds
  2 orc priests
  2 jellies
  A bullfrog skeleton (D:5)
  An iguana (D:10)
  11 orc wizards
  6 worker ants
  A killer bee zombie (D:6)
  2 hound zombies
  A hound skeleton (D:5)
  A worker ant zombie (D:9)
  9 adders
  3 gnolls (D:5)
  5 shadow imps
  2 adder skeletons
  2 worms
  A dart slug (D:2)
  4 leopard geckos
  29 orcs
  8 bats
  2 giant cockroaches
  10 goblins
  8 hobgoblins
  6 jackals
  49 kobolds
  3 quokkas
  A ball python (D:7)
  5 frilled lizards
  A leopard gecko zombie (D:4)
  A quokka skeleton (D:4)
  A quokka zombie (D:8)
  2 rats (D:3)
  A fungus (Lair:1)
288 creatures vanquished.

Vanquished Creatures (collateral kills)
  A blink frog (Lair:1)
  A wolf (D:8)
2 creatures vanquished.

Grand Total: 290 creatures vanquished

Notes
Turn   | Place    | Note
-------+----------+-------------------------------------------
     0 | D:1      | blodskaal the Human Berserker began the quest for the Orb.
     0 | D:1      | Reached XP level 1. HP: 18/18 MP: 1/1
   557 | D:2      | Reached XP level 2. HP: 24/24 MP: 2/2
   585 | D:3      | Found a snail-covered altar of Cheibriados.
   699 | D:1      | .
  1255 | D:2      | Reached XP level 3. HP: 12/29 MP: 3/3
  1264 | D:2      | Reached skill level 1 in Short Blades
  1621 | D:2      | Found a shattered altar of Ashenzari.
  2077 | D:3      | Gained mutation: You are partially covered in iridescent scales. (AC +2) [potion of mutation]
  2077 | D:3      | Gained mutation: You are clumsy. (Dex -2) [potion of mutation]
  2170 | D:3      | Noticed Ladykiller69's ghost (amateur MiAK)
  2623 | D:3      | Reached XP level 4. HP: 35/35 MP: 4/4
  2670 | D:3      | Reached ** piety under Trog
  3047 | D:4      | Found Jon Bome's General Store.
  3047 | D:4      | Noticed an ogre
  3063 | D:4      | Killed an ogre
  3063 | D:4      | Reached skill level 1 in Slings
  3063 | D:4      | Reached skill level 1 in Stealth
  3063 | D:4      | Reached XP level 5. HP: 42/42 MP: 5/5
  3115 | D:4      | Bought a scroll of identify for 24 gold pieces
  3219 | D:4      | Reached skill level 2 in Slings
  3219 | D:4      | Reached XP level 6. HP: 36/48 MP: 6/6
  3600 | D:5      | Entered Level 5 of the Dungeon
  4037 | D:4      | Noticed an ogre
  4051 | D:4      | Killed an ogre
  4051 | D:4      | Reached XP level 7. HP: 48/54 MP: 7/7
  4084 | D:4      | Reached skill level 3 in Slings
  4366 | D:5      | Found a glowing silver altar of Zin.
  4796 | D:5      | Reached skill level 4 in Slings
  4921 | D:5      | Reached XP level 8. HP: 54/60 MP: 8/8
  4993 | D:5      | Reached *** piety under Trog
  5235 | D:5      | Reached skill level 5 in Axes
  5235 | D:5      | Reached skill level 5 in Slings
  6072 | D:4      | Bought a +4 hand axe of flaming for 328 gold pieces
  6081 | D:4      | Tienda en level 4. Ya no queda nada interesante
  6081 | D:4      | Nivel 8 => 19 7 12 5 13 0
  6244 | D:6      | Reached skill level 1 in Throwing
  6244 | D:6      | Reached XP level 9. HP: 66/66 MP: 9/9
  6281 | D:6      | Reached **** piety under Trog
  6294 | D:6      | Reached skill level 6 in Slings
  6605 | D:6      | Found Meul's Gadget Emporium.
  6687 | D:6      | Reached skill level 5 in Stealth
  6739 | D:6      | Found a sparkling altar of Nemelex Xobeh.
  6769 | D:6      | Reached skill level 1 in Bows
  6972 | D:7      | Reached skill level 5 in Fighting
  6985 | D:7      | Gained mutation: You possess an exceptional clarity of mind. [mutagenic meat]
  7039 | D:7      | Found a flagged portal.
  7046 | Bailey   | Entered a bailey
  7318 | D:7      | Found Nunaad's Assorted Antiques.
  7327 | D:7      | Bought a scroll of identify for 50 gold pieces
  7337 | D:7      | Noticed a hippogriff
  7347 | D:7      | Killed a hippogriff
  7403 | D:7      | Noticed a hippogriff
  7469 | D:7      | Killed a hippogriff
  7549 | D:7      | Reached XP level 10. HP: 74/74 MP: 10/10
  7647 | D:7      | Found a shadowy altar of Dithmenos.
  8720 | D:8      | Found an iron altar of Okawaru.
  8724 | D:8      | Found a hazy altar of Hepliaklqana.
  8797 | D:8      | Noticed Grum
  8811 | D:8      | Killed Grum
  8833 | D:8      | Received a gift from Trog
  8885 | D:8      | Noticed Maurice
  8886 | D:8      | Found a burning altar of Makhleb.
  9488 | D:10     | Entered Level 10 of the Dungeon
  9651 | D:9      | Received a gift from Trog
  9881 | D:9      | Reached skill level 7 in Slings
  9966 | D:9      | Reached skill level 5 in Throwing
  9966 | D:9      | Reached XP level 11. HP: 65/82 MP: 11/11
  9994 | D:9      | Found a glowing golden altar of the Shining One.
 10036 | D:9      | Found an ancient bone altar of Kikubaaqudgha.
 10360 | D:10     | Reached skill level 1 in Shields
 10571 | D:10     | Noticed a death yak
 10593 | D:10     | Killed a death yak
 10602 | D:10     | Found a staircase to the Lair.
 10864 | D:10     | Reached skill level 8 in Slings
 10947 | Lair:1   | Entered Level 1 of the Lair of Beasts
 10985 | Lair:1   | Reached skill level 5 in Dodging
 11427 | Lair:1   | Reached ***** piety under Trog
 11593 | Lair:1   | Reached skill level 5 in Armour
 11775 | D:10     | Reached skill level 9 in Slings
 12338 | D:10     | Noticed a hill giant
 12343 | D:10     | Killed a hill giant
 12473 | D:10     | Found a portal to a secret trove of treasure.
 12485 | D:10     | Reached XP level 12. HP: 83/92 MP: 12/12
 12687 | D:11     | Received a gift from Trog
 12974 | D:11     | Reached skill level 10 in Slings
 13078 | D:10     | Noticed shugdite's ghost (novice MiFi)
 13380 | Lair:2   | Noticed a seven-headed hydra
 13388 | Lair:2   | Slain by a six-headed hydra

Skill      XL: |  1  2  3  4  5  6  7  8  9 10 11 12 |
---------------+-------------------------------------+-----
Short Blades   | 1 |  1.2
Slings         | 1 2 4 5 6 7 9 10 | 10.0
Stealth        | 1 2 3 4 5 6 |  6.4
Axes           | 4 5 6 7 8 |  8.7
Dodging        | 3 4 5 |  5.2
Fighting       | 4 5 6 7 8 |  8.2
Armour         | 3 4 5 |  5.3
Throwing       | 1 2 5 |  5.1
Bows           | 2 3 |  3.1
Shields        | 1 |  1.1

Action                   |  1- 3 |  4- 6 |  7- 9 | 10-12 || total
-------------------------+-------+-------+-------+-------++-------
Melee: Dagger            |    23 |       |       |       ||    23
       Hand axe          |    70 |    89 |   231 |   168 ||   558
 Fire: Hunting sling     |    22 |    31 |   127 |   237 ||   417
       Shortbow          |       |       |    10 |    11 ||    21
Throw: Stone             |     3 |     2 |    16 |    14 ||    35
       Javelin           |       |       |    14 |    14 ||    28
Invok: Berserk           |     2 |     4 |     9 |    10 ||    25
       Burn Spellbooks   |     1 |     1 |       |       ||     2
       Brothers in Arms  |       |       |       |     2 ||     2
Evoke: Wand              |     1 |     3 |     2 |     1 ||     7
  Use: Scroll            |     4 |     2 |     4 |    13 ||    23
       Potion            |     2 |       |       |     7 ||     9
 Stab: Sleeping          |       |       |       |     2 ||     2
  Eat: Fruit             |     2 |       |       |     3 ||     5
       Chunk             |     1 |     2 |     8 |    20 ||    31
       Meat ration       |     1 |       |       |     1 ||     2
       Bread ration      |       |     1 |     2 |       ||     3
       Beef jerky        |       |       |     1 |       ||     1
       Royal jelly       |       |       |     1 |     1 ||     2
       Pizza             |       |       |     1 |       ||     1
Armor: Leather armour    |    27 |    30 |    71 |    45 ||   173
Dodge: Dodged            |    80 |    59 |   211 |   119 ||   469
Block: Buckler           |       |       |       |     1 ||     1
